 Dungeon Crawl Stone Soup version 0.30-a0-777-ga9a30cbeda (webtiles) character file.

Game seed: 13822622315025221400

714 mopl the Sneak (level 7, -1/34 HPs)
             Began as a Vine Stalker Brigand on Feb 13, 2023.
             Was a Follower of Kikubaaqudgha.
             Slain by an orc priest
             ... wielding a +0 falchion
              (6 damage)
             ... on level 5 of the Dungeon.
             The game lasted 00:06:14 (4405 turns).

mopl the Sneak (Vine Stalker Brigand)               Turns: 4405, Time: 00:06:14

Health: -1/34      AC:  3    Str: 13    XL:     7   Next: 69%
Magic:  0/8        EV: 11    Int: 11    God:    Kikubaaqudgha [*.....]
Gold:   160        SH:  0    Dex: 18    Spells: 2/6 levels left

rFire   . . .      SeeInvis .    a - +3 dagger
rCold   . . .      Faith    .    (no shield)
rNeg    . . .      Spirit   +    b - +0 robe
rPois   .          Reflect  .    s - +0 helmet
rElec   .          Harm     .    n - scarf {+Inv}
rCorr   .          Rampage  .    (no gloves)
Will    .....                    (no boots)
Stlth   ++++                     (no amulet)
HPRegen 1.05/turn                (no ring)
MPRegen 0.11/turn                (no ring)

@: no status effects
A: fangs 2, regeneration 1, magic shield, antimagic bite, no potion heal 2
a: Renounce Religion, Evoke Invisibility, Unearth Wretches


You were on level 5 of the Dungeon.
You worshipped Kikubaaqudgha.
Kikubaaqudgha was aware of your devotion.
You visited 2 branches of the dungeon, and saw 6 of its levels.

You collected 160 gold pieces.

Inventory:

Hand Weapons
 a - a +3 dagger (weapon)
 t - a +0 dagger of speed
 v - a +2 dagger
Missiles
 d - 15 poisoned darts (quivered)
 e - 2 curare-tipped darts
 m - 6 datura-tipped darts
 u - a throwing net
Armour
 b - a +0 robe (worn)
 f - a +1 chain mail of poison resistance
 n - a scarf of invisibility (worn)
 s - a +0 helmet (worn)
Scrolls
 l - a scroll of fear {unknown}
 o - a scroll of vulnerability {unknown}
 p - a scroll of poison {unknown}
 q - a scroll of immolation {unknown}
Potions
 c - a potion of might
 g - 3 potions of attraction {unknown}
 h - 2 potions of heal wounds {unknown}
 i - 3 potions of curing {unknown}
 j - a potion of cancellation
 k - a potion of magic
 r - a potion of brilliance
 w - 2 potions of lignification {unknown}


   Skills:
 - Level 1.7 Fighting
 + Level 4.3 Short Blades
 + Level 4.4 Throwing
 - Level 0.7 Dodging
 + Level 7.6 Stealth
 + Level 2.0 Evocations


You had 2 spell levels left.
You knew the following spells:

 Your Spells              Type           Power      Damage    Failure   Level
a - Apportation           Tloc           0%         N/A       34%         1
b - Vampiric Draining     Necr           0%         2d6       71%         3

Your spell library contained the following spells:

 Spells                   Type           Power      Damage    Failure   Level
 Kiss of Death            Conj/Necr      0%         2d5       34%         1
 Magic Dart               Conj           0%         1d3       34%         1
 Necrotise                Necr           0%         1d4       34%         1
 Summon Small Mammal      Summ           0%         N/A       34%         1
 Call Imp                 Summ           0%         N/A       47%         2
 Frozen Ramparts          Ice            0%         1d1       71%         3
 Mephitic Cloud           Conj/Pois/Air  0%         N/A       71%         3
 Animate Dead             Necr           0%         N/A       98%         4
 Ice Form                 Ice/Tmut       0%         N/A       98%         4
 Summon Ice Beast         Ice/Summ       0%         N/A       98%         4


Dungeon Overview and Level Annotations

Branches:
Dungeon (5/15)             Temple (1/1) D:4

Altars:
Elyvilon
Fedhas
Hepliaklqana
Kikubaaqudgha

Annotations:
D:3 1 runed translucent door, Crazy Yiuf
D:5 Pikel


Innate Abilities, Weirdness & Mutations

You have extremely sharp teeth.
Your natural rate of healing is unusually fast.
When hurt, damage is shared between your health and your magic reserves.
Your bite disrupts and absorbs the magic of your enemies.
Potions cannot restore your health.


Message History

You bite the orc priest, but do no damage.
The orc priest is moderately wounded.
You hit the orc priest.
The orc priest is moderately wounded.
The orc priest hits you with a +0 falchion!
You are too injured to fight recklessly!
You are too injured to fight recklessly!
You hit the orc priest but do no damage.
The orc priest is moderately wounded.
The orc priest hits you with a +0 falchion!
You hit the orc priest but do no damage.
You bite the orc priest, but do no damage.
The orc priest is moderately wounded.
The orc priest hits you with a +0 falchion.
* * * LOW HITPOINT WARNING * * *
You completely miss the orc priest.
You bite the orc priest, but do no damage.
The orc priest is moderately wounded.
The orc priest hits you with a +0 falchion.
* * * LOW HITPOINT WARNING * * *
You hit the orc priest but do no damage.
Your punch misses the orc priest.
You bite the orc priest, but do no damage.
The orc priest is moderately wounded.
You closely miss the orc priest.
The orc priest is moderately wounded.
The orc priest hits you with a +0 falchion.
* * * LOW HITPOINT WARNING * * *
You barely miss the orc priest.
The orc priest is moderately wounded.
The orc priest hits you with a +0 falchion.
* * * LOW HITPOINT WARNING * * *
Throw: 3 darts (curare)
Press: ? - help, Shift-Dir - straight line, f - orc priest
Aim: an orc priest, wielding a +0 falchion and wearing a +0 chain mail (moderately wounded, 70% to hit)
You throw a curare-tipped dart.
The curare-tipped dart closely misses the orc priest.
The orc priest hits you with a +0 falchion.
You die...
Kikubaaqudgha rasps: "You have failed me!
Welcome... death!"

................##
##.............##
##............## #...........##
#### #
##.........######..######### #.
#.........................###..
#.............................#
##....######..o..............#
##.#### ##...@.........##..##
#..# ##....<..........#..#
##[## ##........>.........#
#.)# #...................# #..#
#..................## ##.##
##.................# ...#
#.................# ...#
#..>..............# ...##
##...............##


You could see an orc priest.

Vanquished Creatures
  An ogre (D:3)
  2 lemures
  2 phantoms (D:4)
  A water moccasin skeleton (D:3)
  A jelly (D:5)
  An orc priest (D:5)
  Jessica (D:2)
  Ijyb (D:5)
  An iguana (D:4)
  An orc wizard (D:4)
  A scorpion zombie (D:3)
  A hound skeleton (D:3)
  8 gnolls
  A howler monkey skeleton (D:3)
  5 adders
  An ufetubus (D:5)
  An adder zombie (D:3)
  2 adder skeletons (D:3)
  2 worms
  A dart slug (D:2)
  9 orcs
  3 ball pythons
  7 bats
  5 endoplasms
  2 giant cockroaches
  7 goblins
  5 hobgoblins
  9 quokkas
  A ball python skeleton (D:3)
  A ball python zombie (D:3)
  5 frilled lizards
  10 kobolds
  A quokka skeleton (D:3)
  2 rats (D:1)
102 creatures vanquished.

Vanquished Creatures (others)
  2 fungi (D:3)
  A plant (D:2)
  2 withered plants (D:3)
5 creatures vanquished.

Grand Total: 107 creatures vanquished

Notes
Turn   | Place    | Note
-------+----------+-------------------------------------------
     0 | D:1      | mopl the Vine Stalker Brigand began the quest for the Orb.
     0 | D:1      | Reached XP level 1. HP: 11/11 MP: 2/2
    71 | D:1      | Reached skill level 2 in Throwing
    71 | D:1      | Reached skill level 5 in Stealth
    76 | D:1      | Reached skill level 2 in Short Blades
    76 | D:1      | Reached XP level 2. HP: 14/15 MP: 3/3
   713 | D:1      | Reached XP level 3. HP: 18/18 MP: 4/4
   953 | D:2      | Found a faded altar of an unknown god.
  1334 | D:2      | Noticed Jessica
  1342 | D:2      | Killed Jessica
  1343 | D:2      | Gained mutation: Your natural rate of healing is unusually
                  | fast. [Vine Stalker growth]
  1343 | D:2      | Reached XP level 4. HP: 19/23 MP: 5/5
  1747 | D:3      | Reached skill level 3 in Short Blades
  1747 | D:3      | Reached skill level 3 in Throwing
  1747 | D:3      | Reached skill level 6 in Stealth
  1747 | D:3      | Reached XP level 5. HP: 26/26 MP: 6/6
  1793 | D:3      | Noticed an ogre
  1822 | D:3      | Killed an ogre
  1823 | D:3      | Reached XP level 6. HP: 30/30 MP: 7/7
  2194 | D:3      | Found a blossoming altar of Fedhas.
  2659 | D:3      | Found a runed translucent door.
  2660 | D:3      | Noticed Crazy Yiuf
  2704 | D:4      | Found a staircase to the Ecumenical Temple.
  2735 | D:4      | Reached skill level 7 in Stealth
  2758 | Temple   | Entered the Ecumenical Temple
  2808 | Temple   | Became a worshipper of Kikubaaqudgha
  2982 | D:4      | Reached skill level 4 in Short Blades
  2982 | D:4      | Reached skill level 4 in Throwing
  2982 | D:4      | Reached skill level 1 in Evocations
  2982 | D:4      | Reached XP level 7. HP: 34/34 MP: 8/8
  3285 | D:5      | Entered Level 5 of the Dungeon
  3657 | D:5      | Reached * piety under Kikubaaqudgha
  3657 | D:5      | Received a gift from Kikubaaqudgha
  3661 | D:5      | Learned a level 1 spell: Apportation
  3665 | D:5      | Learned a level 3 spell: Vampiric Draining
  3957 | D:5      | Noticed Ijyb
  4061 | D:5      | Killed Ijyb
  4062 | D:5      | Reached skill level 2 in Evocations
  4216 | D:5      | Noticed Pikel
  4405 | D:5      | Slain by an orc priest

Illustrated notes

Levels and vault maps discovered:
D:1:      psy_arrival_radial01, layout_basic, minmay_misc_feat_diagonals,
          grunt_decor_clamped
D:2:      layout_loops_corners, shapermc_ecumenical_altar_mp_ritualfount,
          uniq_jessica
D:3:      layout_loops_ring, fedhas_altar_fruit_tree, serial_undead,
          serial_undead_b, serial_undead_b, serial_undead_a, serial_undead_f,
          uniq_crazy_yiuf_cottage
D:4:      nicolae_cairo_tiling, layout_rooms, temple_statues
D:5:      layout_cave_pods, uniq_ijyb, uniq_pikel
Temple:   minmay_temple_curvy_branch

Skill      XL: |  1  2  3  4  5  6  7 |
---------------+----------------------+-----
Throwing       | 2 3 4 |  4.4
Stealth        | 5 6 7 |  7.6
Short Blades   | 2 3 4 |  4.3
Evocations     | 1 2 |  2.0
Fighting       | |  1.7
Dodging        | |  0.7

Action                     |  1- 3 |  4- 6 |  7- 9 || total
---------------------------+-------+-------+-------++-------
  Melee: Dagger            |    66 |   172 |   177 ||   415
         Bite              |    13 |    57 |    71 ||   141
         Punch             |     5 |     5 |     3 ||    13
  Throw: Dart              |       |     4 |    22 ||    26
    Use: Scroll            |       |       |     5 ||     5
         Potion            |       |       |     1 ||     1
   Stab: Sleeping          |     7 |    14 |     2 ||    23
         Distracted        |       |     1 |       ||     1
 Armour: Robe              |    12 |    22 |    14 ||    48
  Dodge: Dodged            |    26 |    82 |    71 ||   179

Table legend: (Time is in decaauts)
 A = Elapsed time spent in this place.
 B = Non-inter-level travel time spent in this place.
 C = Inter-level travel time spent in this place.
 D = Time resting spent in this place.
 E = Time spent auto-exploring this place.
 F = Levels seen in this place.
 G = Mean time per level.
                   A        B        C        D        E       F      G
               +--------+--------+--------+--------+--------+-----+--------+
         Total |   4345 |   4187 |    158 |    228 |   2901 |   6 |  724.2 |
       Dungeon |   4272 |   4136 |    136 |    228 |   2860 |   5 |  854.4 |
        Temple |     72 |     50 |     22 |      0 |     41 |   1 |   72.0 |
               +--------+--------+--------+--------+--------+-----+--------+

Top non-repeatable levels by time:
     D:5: 990 daAuts
     D:1: 943 daAuts
     D:3: 907 daAuts
     D:2: 832 daAuts
     D:4: 598 daAuts
  Temple: 72 daAuts
